[Event "CZE-ch U16 Open 2023"]
[Site "Teplice"]
[Date "2023.03.11"]
[Round "1.1"]
[White "Janous, Marek"]
[Black "Zezula, Jakub"]
[Result "1-0"]
[ECO "C47"]
[WhiteElo "2124"]
[BlackElo "1963"]
[Annotator "TA"]
[PlyCount "123"]
[EventDate "2023.03.09"]
[EventType "swiss"]
[EventCountry "CZE"]
[SourceTitle "playchess.com"]
[Source "ChessBase"]
[SourceQuality "1"]
[TimeControl "40/5400+30:1800+30"]

1. e4 e5 2. Nf3 Nc6 3. Nc3 Nf6 4. d4 exd4 5. Nxd4 Bb4 6. Nxc6 bxc6 7. Bd3 d5 8. exd5 cxd5 9. O-O O-O 10. h3 {[%emt 0:00:13] Prevents Bg4. C47: Scotch Four Knights and Four Knights with 4 g3.} h6 11. Qf3 Bd6 12. Nb5 {[%emt 0:05:25] [#] The position is equal.} (12. Nxd5 $2 Nxd5 13. Qe4 (13. Qxd5 $2 Bh2+ {[%mdl 64] Discovered Attack} 14. Kxh2 Qxd5 $19) 13... g6 14. Bxh6 (14. Qxd5 $2 Bh2+ {[%mdl 64] Discovered Attack} 15. Kxh2 Qxd5 $19) 14... Re8 $19) 12... Ba6 $146 (12... Bc5 $11) ({Predecessor:} 12... Bc5) 13. Nxd6 $16 Qxd6 14. Bf4 Qc6 15. Bxa6 Qxa6 16. Bxc7 Rac8 17. Be5 Rxc2 18. Qd1 (18. Rad1 {feels hotter.} Ne4 19. Qg4 f6 20. Bd4) 18... Rfc8 19. Bc3 Qe2 {[%emt 0:00:44] [#]} 20. Qxe2 ({White should play} 20. Qd4 $1 $16) 20... Rxe2 $11 21. Rfe1 Rxe1+ 22. Rxe1 {[%emt 0:00:35][%mdl 4096] Endgame KRB-KRN} Ne4 $1 23. Bd4 a6 24. f3 Ng3 25. Be5 Nf5 26. g4 Nh4 (26... f6 $5 27. Bxf6 (27. gxf5 fxe5 28. Rxe5 d4 $11) 27... gxf6 28. gxf5 Rc2 $16) 27. Kf2 g5 28. Re2 Ng6 29. Bg3 Kg7 30. Ke3 Nf8 (30... Rc4 $11) 31. Kd4 Rd8 32. Be5+ (32. Kc5 $16) 32... f6 $14 33. Bg3 (33. Bc7 $5 Rd7 $8 34. Bg3 $14) 33... Kf7 {[%emt 0:00:07] Repels Re7+} 34. Rc2 Ne6+ 35. Kd3 Rd7 (35... h5 $11 {remains equal.}) 36. Rc6 $16 Rb7 37. b3 (37. Rxa6 $2 Nc5+ 38. Kc2 Nxa6 $19) 37... Ke7 $2 (37... a5 $16) 38. Rc8 $2 (38. Rxa6 $2 Nc5+ 39. Kc3 Nxa6 $19) (38. Bd6+ $18 {and the rest is easy.} Kf7 39. Rxa6) 38... Kf7 39. Rb8 Rd7 (39... Rxb8 $11 {keeps the balance.} 40. Bxb8 Nd8) 40. b4 Kg6 $2 (40... Re7 $16) 41. Rb6 $18 Nf4+ 42. Bxf4 gxf4 {[%emt 0:00:28] KR-KR} 43. h4 $2 (43. Rxa6 Rb7 44. Kc3 Rc7+ 45. Kd2 Rb7 $18) (43. Kd4 $18 {is more deadly.}) 43... Re7 $16 44. Rxa6 Re3+ 45. Kd4 {[%emt 0:00:00] Black must now prevent b5. White is more active.} Rxf3 46. b5 $1 Rf1 {[%emt 0:02:58] [#]} 47. Ra3 (47. Ra4 $1 $16 f3 48. Ke3 (48. Kxd5 $2 Rd1+ 49. Kc5 f2 $19)) 47... f3 $1 $11 48. Rb3 f2 $2 (48... h5 $1 $11 {and Black is okay.} 49. gxh5+ (49. Kxd5 hxg4 50. b6 Rd1+ 51. Kc5 f2 $19) 49... Kxh5) 49. Ke3 {[%emt 0:00:00] b6 would be deadly.} (49. Kxd5 Rd1+ 50. Kc5 f1=Q 51. h5+ Kg5 52. Rc3 Qf2+ 53. Kc6 Qd4 54. Rc5+ Kxg4 55. Rc2 Qe4+ 56. Kc5 Qxc2+ 57. Kb4 Rb1+ 58. Ka5 Qc5 59. Ka6 Qxb5+ 60. Ka7 Qb7#) 49... Ra1 (49... d4+ $142 50. Ke2 {[%mdl 64] Deflection} (50. Kxd4 Rd1+ 51. Rd3 Rxd3+ 52. Kxd3 f1=Q+) 50... Ra1 51. Kxf2 Rxa2+ 52. Kf3 d3) 50. Kxf2 $18 {[%emt 0:00:00] Threatens to win with b6.} Rxa2+ 51. Ke3 $2 (51. Kf3 $18 {And now b6 would win.} Ra7 52. b6) 51... h5 $1 $11 52. b6 Ra8 $1 53. b7 Rb8 54. Kf4 hxg4 55. Kxg4 {[%emt 0:00:11] h5+ is the strong threat.} d4 56. Rb5 f5+ 57. Kf4 Kh5 $2 (57... Kg7 $11 58. Rb6 (58. Kxf5 d3 $11) 58... Kf7) 58. Rxf5+ Kxh4 59. Rb5 {[%emt 0:00:17] White mates.} d3 60. Ke3 d2 61. Kxd2 Kg4 62. Ke3 {[%emt 0:00:35] Weighted Error Value: White=0.39/Black=0.42} 1-0

[Event "CZE-ch U16 Open 2023"]
[Site "Teplice"]
[Date "2023.03.11"]
[Round "1.2"]
[White "Tesar, Jakub"]
[Black "Dolensky, Filip"]
[Result "1/2-1/2"]
[ECO "B22"]
[WhiteElo "1960"]
[BlackElo "2108"]
[Annotator "TA"]
[PlyCount "98"]
[EventDate "2023.03.09"]
[EventType "swiss"]
[EventCountry "CZE"]
[SourceTitle "playchess.com"]
[Source "ChessBase"]
[SourceQuality "1"]
[TimeControl "40/5400+30:1800+30"]

1. e4 c5 2. c3 d5 3. exd5 Qxd5 4. d4 Nf6 5. Nf3 e6 6. Be3 cxd4 7. cxd4 Nc6 8. Nc3 Qa5 9. Be2 Be7 10. O-O O-O 11. Qb3 {[%emt 0:04:10] B22: Sicilian: 2 c3.} Rd8 12. Rfd1 {[%emt 0:04:28] [#]} Nd5 $146 ({Predecessor:} 12... Qb4 13. Qc2 a6 14. a3 Qd6 15. Ng5 h6 16. Nge4 Nxe4 17. Nxe4 Qc7 18. Rac1 Bd7 {1-0 Berend,E (2326)-Arakhamia Grant,K (2380) Speed Chess (Women) Q2 blitz 2021 (8)}) 13. Bd2 {[%emt 0:06:30] The position is equal.} Qc7 14. Nxd5 exd5 15. Rac1 Qd6 {[%emt 0:04:11] Inhibits Ne5.} 16. g3 f6 17. Bf1 g5 18. Bg2 Bd7 (18... Bf8 $14) 19. a3 {[%emt 0:03:44] White is more active.} (19. Qxb7 $6 Rab8 20. Qa6 Rxb2 $11) (19. h4 $16) 19... Rab8 ({Black should play} 19... Be8 $14) 20. Bc3 (20. h4 $1 $16 ) 20... Bf5 21. Nd2 Bg6 (21... Qd7 $11 {keeps the balance.}) 22. Nf1 (22. Ne4 $5 Qc7 23. Nc5 $14) 22... Bf7 23. Ne3 Qd7 {[%emt 0:00:48] Inhibits Nf5.} 24. Re1 Bf8 25. Bf3 h5 (25... f5 $11 {remains equal.}) 26. Qd1 g4 27. Be2 f5 (27... Bg6 $142) 28. Bd3 $16 Be6 29. Qc2 Bh6 (29... f4 $16) 30. Rcd1 $2 (30. Bxf5 Bxf5 31. Nxf5 Bxc1 32. Rxc1 Qh7 $17) (30. Nxf5 $1 $18 Bg5 31. h4) 30... Rf8 $14 31. b4 Rbc8 32. Qb3 f4 (32... Nd8 $11) 33. Nf1 (33. Ng2 $1 $14) 33... fxg3 34. hxg3 Qf7 (34... a6 {simplifies} 35. a4 Ne7 36. b5 axb5 37. Bxb5 Nc6) 35. Re2 {[%emt 0:00:38] [#]} h4 $1 36. b5 {[%emt 0:01:10] [#]} (36. gxh4 g3 37. Nxg3 (37. fxg3 Bg4 $17 {[%mdl 64] Skewer}) 37... Bg4 $17) (36. Qb2 Ne7) 36... h3 37. Nh2 $11 (37. bxc6 $2 {perishes.} Qf3 $19) 37... Nb8 (37... Ne5 $1 $11 {and Black stays safe.} 38. dxe5 (38. Rxe5 $2 {leads to mate.} Qxf2+ 39. Kh1 Qg2#) 38... d4) 38. Bb4 $18 Rfe8 39. Rde1 {[%emt 0:01:06] aiming for Qb1.} Nd7 {[%emt 0:00:52] [#]} 40. Qb1 $1 $36 {[%emt 0:00:58][%mdl 2048] Black must now prevent Bg6. White is really pushing.} Kg7 {[%emt 0:01:39] [#] Repels Bg6} 41. Bg6 $1 {[%emt 0:14:12][%mdl 576] Decoy} Qxg6 42. Qxg6+ {[%emt 0:00:07][%mdl 64] Remove Defender} Kxg6 43. Rxe6+ Rxe6 44. Rxe6+ Kh5 {[%emt 0:06:21] ...Rc1+ is the strong threat.} 45. Nxg4 $1 {[%emt 0:02:40][%mdl 64] Deflection} Bg5 (45... Bd2 {was necessary.}) 46. Ne3 ({White should try} 46. Ne5 $18 Nxe5 47. Rxe5) 46... Bxe3 $16 47. Rxe3 {[%emt 0:00:20] Kh2 would be deadly.} Rc4 $2 (47... Nf6 $16 {was worth a try.}) 48. Re7 Nf6 49. f3 {[%emt 0:01:08] Repels Ne4. And now Kh2 would win.} Rc2 {[%emt 0:00:07] Weighted Error Value: White=0.32/Black=0.36} 1/2-1/2

[Event "CZE-ch U16 Open 2023"]
[Site "Teplice"]
[Date "2023.03.11"]
[Round "1.3"]
[White "Werner, Hong Quan Dan"]
[Black "Davidek, Zdenek"]
[Result "1/2-1/2"]
[ECO "C50"]
[WhiteElo "2085"]
[BlackElo "1957"]
[Annotator "TA"]
[PlyCount "110"]
[EventDate "2023.03.09"]
[EventType "swiss"]
[EventCountry "CZE"]
[SourceTitle "playchess.com"]
[Source "ChessBase"]
[SourceQuality "1"]
[TimeControl "40/5400+30:1800+30"]

1. e4 e5 2. Nf3 Nc6 3. Bc4 Nf6 4. d3 Bc5 5. c3 O-O 6. O-O d6 7. Bb3 {[%emt 0:00:30] 7.Bb3 has lost popularity.} h6 8. Nbd2 Be6 {[%emt 0:01:42] C54: Giuoco Piano: 4 c3 Nf6, main lines with 5 d4 and 5 d3.} 9. Re1 (9. Bxe6 $14 fxe6 10. b4) 9... Re8 10. Nf1 d5 11. Qc2 Qd7 12. Be3 {[%emt 0:11:18] [#]} Bf8 $146 ({Predecessor:} 12... Bb6 13. h3 Rad8 14. Ba4 Qd6 15. Rad1 Re7 16. Bxc6 bxc6 17. d4 Nxe4 18. dxe5 Qd7 19. Bxb6 axb6 20. Rxe4 {1-0 Akopian,V (2605)-Montecatine Rios,R (2345) Dos Hermanas 1992 (1)}) 13. h3 a6 14. Rad1 Rad8 15. Ng3 Qc8 16. a3 g6 17. Nh2 Bg7 18. Qc1 Kh7 19. f3 Na5 20. Ba2 dxe4 21. Bxe6 Qxe6 22. fxe4 Nb3 23. Qc2 c5 24. Nf3 Rd7 25. Nd2 Nxd2 26. Rxd2 (26. Qxd2 $5 Red8 27. Qc2 $11 (27. Bxc5 Rxd3 28. Qe2 Rxd1 $17)) 26... Qc6 27. c4 Rde7 (27... Red8 $11) 28. Ne2 Nd7 29. Nc3 (29. Rf1 $1 $16) 29... f5 $1 $11 30. Nd5 Rf7 31. b4 Bf8 (31... cxb4 $11 32. axb4 Rc8) 32. g3 (32. Rb1 {keeps more tension.} Be7 33. Qd1 fxe4 34. dxe4 cxb4 35. axb4 Qxc4 36. Qg4) 32... Bd6 (32... f4 $11 {keeps the balance.} 33. gxf4 cxb4) 33. Rf1 Ref8 34. Rdf2 {[%emt 0:00:22] White has more active pieces.} Nb8 $2 (34... Bb8 $16) 35. Qd2 (35. exf5 $142 gxf5 36. d4) 35... Qc8 $2 (35... cxb4 36. axb4 f4) 36. Bxh6 $18 Rg8 37. Kh2 (37. Qg5 $142 {Strongly threatening Qh4.} Qd8 38. Qe3) 37... Nc6 38. Qg5 Qd8 39. exf5 Qxg5 40. Bxg5 {[%emt 0:00:05] And now fxg6+ would win.} gxf5 41. Nf6+ (41. Rxf5 $6 Rxf5 42. Rxf5 cxb4 $18) 41... Kg6 42. Nxg8 Kxg5 {[%emt 0:00:19] [#]} 43. g4 $1 f4 {[%emt 0:02:42] [#]} 44. h4+ $1 Kxh4 {[%emt 0:00:35] [#] ...Kg5 would be deadly.} 45. Kg1 $2 ({Only move:} 45. g5 $1 $18 ) 45... Bf8 46. Rh2+ Kg5 ({Don't play} 46... Kxg4 47. b5 axb5 48. cxb5 $14 (48. Rg2+ $2 Kf5 $19)) 47. b5 axb5 (47... Nd4 48. a4 $14) 48. cxb5 Nd4 {[%emt 0:00:05] Threatens to win with ...c4.} 49. Rh5+ $2 (49. Kf2 $11 {and White stays safe.}) 49... Kxg4 $19 50. Nh6+ Bxh6 $1 51. Rxh6 {[%emt 0:00:00] [#]} Nxb5 $2 ({Black should play} 51... c4 $1 $19 52. dxc4 Nf3+ 53. Kg2 e4) 52. a4 {[%emt 0:00:00] The position is equal.} Nc3 53. Kf2 Nxa4 54. Rg1+ Kf5 55. Rh5+ ({But not} 55. Rhg6 Rf6 56. R6g5+ Ke6 $17) 55... Ke6 {[%emt 0:04:04] Quite a comeback for White.   Weighted Error Value: White=0.29 (precise) /Black=0.29 (precise)} 1/2-1/2

[Event "CZE-ch U16 Open 2023"]
[Site "Teplice"]
[Date "2023.03.11"]
[Round "1.4"]
[White "Mohapl, Tomas"]
[Black "Paseka, Matyas"]
[Result "0-1"]
[ECO "E71"]
[WhiteElo "1946"]
[BlackElo "2082"]
[Annotator "TA"]
[PlyCount "66"]
[EventDate "2023.03.09"]
[EventType "swiss"]
[EventCountry "CZE"]
[SourceTitle "playchess.com"]
[Source "ChessBase"]
[SourceQuality "1"]
[TimeControl "40/5400+30:1800+30"]

1. d4 Nf6 2. c4 g6 3. Nc3 Bg7 4. e4 d6 5. h3 Nbd7 6. Be3 {[%emt 0:04:08] E71: King's Indian: 4 e4 d6 5 h3.} e5 7. d5 h5 (7... Nc5 $11) 8. b4 {[%emt 0:17:50] [#] White is slightly better.} Bh6 $146 ({Predecessor:} 8... a5 9. a3 h4 10. c5 Nh5 11. cxd6 cxd6 12. Nb5 O-O 13. Nf3 Ndf6 14. Nd2 Nf4 {0-1 Gharibyan,M (2479)-Ivic,V (2610) EU-ch 22nd Terme Catez 2022 (6)}) 9. Bxh6 Rxh6 10. Bd3 h4 11. Qc1 Rh8 12. Nf3 Nh5 13. Ne2 {[%emt 0:00:33] Inhibits Nf4.} b6 14. Qc3 Qf6 15. Bc2 Kf8 16. Ba4 (16. O-O $11) 16... Kg7 (16... a5 $1 $15) 17. Bc6 $36 {[%emt 0:02:23][%mdl 2048] White has good play.} Rb8 18. a4 {[%emt 0:05:27] [#]} ({White should play} 18. O-O $14) 18... a5 $1 $11 {[%emt 0:04:34][%mdl 64] Deflection} 19. bxa5 Nc5 {[%emt 0:00:09] Inhibits a6.} (19... bxa5 $5 20. Bxd7 (20. Qxa5 $2 {perishes.} Nc5 $19) 20... Bxd7 $15) 20. axb6 Rxb6 {[%emt 0:00:14] ...Rb3 would be deadly.} 21. Nd2 {[%emt 0:04:10] Inhibits Rb3.} Nf4 (21... Qg5 $1 $11 {keeps the balance.} 22. Nf3 Qh6) 22. Nxf4 $16 Qxf4 23. Qe3 (23. O-O $16 {and life is bright.}) 23... Rb2 {[%emt 0:03:15] Black has more active pieces. The white rooks are badly placed.} 24. Bb5 (24. Qxf4 $17 {might work better.} exf4 25. a5) 24... Qxe3+ $19 25. fxe3 {[%emt 0:00:06] [#]} Rh5 $1 {[%emt 0:00:10][%cal Bh8h5,Bh5g5,Bg5g3,Bg3e3][%mdl 32] aiming for ...Rg5.} 26. a5 $2 (26. Rh2 Rh8 27. Kd1) 26... Rg5 27. Rg1 Rg3 28. a6 Rxe3+ 29. Kf1 {[%emt 0:00:27] White is weak on the dark squares} Rxd2 30. a7 Nxe4 31. Rh1 Ng3+ 32. Kg1 Ree2 33. Rh2 {[%emt 0:00:44] [#]} Bxh3 $1 {[%emt 0:00:06] Weighted Error Value: White=0.88/Black=0.15 (very precise)} 0-1

[Event "CZE-ch U16 Open 2023"]
[Site "Teplice"]
[Date "2023.03.11"]
[Round "1.5"]
[White "Mametev, Artem"]
[Black "Kubin, Tomas Daniel"]
[Result "0-1"]
[ECO "B33"]
[WhiteElo "2074"]
[BlackElo "1936"]
[Annotator "TA"]
[PlyCount "78"]
[EventDate "2023.03.09"]
[EventType "swiss"]
[EventCountry "CZE"]
[SourceTitle "playchess.com"]
[Source "ChessBase"]
[SourceQuality "1"]
[TimeControl "40/5400+30:1800+30"]

1. e4 c5 2. Nf3 Nc6 3. d4 cxd4 4. Nxd4 Nf6 5. Nc3 e5 6. Ndb5 d6 7. Bg5 a6 8. Na3 b5 9. Nd5 Be7 10. Bxf6 Bxf6 11. c4 b4 12. Nc2 a5 13. g3 Bg5 14. Bg2 O-O 15. O-O Rb8 16. b3 f5 {[%emt 0:03:35] B33: Sicilian: Pelikan and Sveshnikov Variations.} 17. exf5 Bxf5 18. Nde3 Bxe3 {[%emt 0:03:40] White is slightly better.} 19. Nxe3 ({Reject} 19. Bxc6 Bc5 $11) 19... Nd4 20. Nxf5 Rxf5 {[%emt 0:01:42] [#]} 21. Qd3 $146 ({Predecessor:} 21. Bd5+ Kh8 22. Be4 Rf6 23. Qd3 Qb6 24. Rad1 Rbf8 25. Qe3 Qc5 26. Kg2 a4 27. h4 {½-½ Yu,B (1180)-Chia,Y (1891) Tanglin op Singapore 2022 (2)}) 21... Qf6 (21... g6 $14) 22. Be4 Rh5 23. f4 Qe7 (23... exf4 $16 24. Rad1 Ne6) 24. Bd5+ Kh8 25. fxe5 dxe5 26. Rae1 {[%emt 0:05:21] [#] Qxd4 would be deadly.} Qd6 27. Rf7 g6 $2 (27... Rf8 28. Ref1 Rxf7 29. Rxf7 Rh6) 28. Qe3 $2 (28. g4 $18 Rg5 29. h3) 28... Nc2 $1 $11 29. Qf2 (29. Qa7 $1 $11 Nxe1 30. c5 Nf3+ 31. Rxf3) 29... Nxe1 $19 30. Qxe1 Rf5 31. Rxf5 gxf5 {[%emt 0:00:13][%mdl 4096] Endgame KQR-KQB} 32. Kg2 Re8 {[%emt 0:01:53] Strongly threatening ...e4.} 33. Qe3 e4 34. h4 $2 {[%emt 0:02:29] [#]} (34. Bf7 Re7 35. Bd5) 34... Qe5 35. h5 Qc3 36. Qc5 Qf3+ 37. Kh2 Qxh5+ 38. Kg2 Qf3+ 39. Kh3 Qh1# {Quite a comeback for Black.   Weighted Error Value: White=1.00/Black=0.68} 0-1

[Event "CZE-ch U16 Open 2023"]
[Site "Teplice"]
[Date "2023.03.11"]
[Round "1.6"]
[White "Slaby, Matej"]
[Black "Hozda, Max"]
[Result "1-0"]
[ECO "D02"]
[WhiteElo "1932"]
[BlackElo "2067"]
[Annotator "TA"]
[PlyCount "93"]
[EventDate "2023.03.09"]
[EventType "swiss"]
[EventCountry "CZE"]
[SourceTitle "playchess.com"]
[Source "ChessBase"]
[SourceQuality "1"]
[TimeControl "40/5400+30:1800+30"]

1. Nf3 Nf6 2. d4 d5 3. Bf4 c5 4. c3 Nc6 5. dxc5 a5 (5... e6 $1 $15) 6. h3 {[%emt 0:06:19] D02: 1 d4 d5 2 Nf3 sidelines, including 2...Nf6 3 g3 and 2...Nf6 3 Bf4.} (6. Na3 $1 $16 {[%cal Ra3b5] Nb5 would be deadly.} Nh5 7. Qd2) 6... e6 $11 {[%emt 0:01:09] [#]} 7. Na3 $146 (7. e3 $11 {is more appropriate.}) ({Predecessor:} 7. e3 Bxc5 8. Bb5 O-O 9. O-O Qb6 10. Qb3 Ne4 11. Bd3 Qxb3 12. axb3 f6 13. b4 {½-½ Sahidi,S (2406)-Mazur,S (2416) Slovak Hybrid Teams 2021 (5.1)}) 7... Bxc5 $15 {[%emt 0:07:21] Threatens to win with ...Qb6.} 8. Nb5 {[%emt 0:01:35] Nc7+ is the strong threat. Black has an edge.} Ne4 9. e3 Nd6 10. Nxd6+ Bxd6 11. Bxd6 Qxd6 12. e4 Ne7 13. Bb5+ Bd7 14. Qa4 (14. e5 $5 Qc7 15. a4 $11) 14... Bxb5 15. Qxb5+ Qc6 16. Nd4 {[%emt 0:01:08][%mdl 64] Pin} Qxb5 17. Nxb5 {[%emt 0:00:06] Black must now prevent Nc7+.} O-O 18. exd5 Nxd5 19. O-O Rac8 20. Rfd1 Rc5 21. a4 Rfc8 {[%emt 0:02:07] [#]} (21... Rb8 $11) 22. c4 $1 $14 Nb6 (22... Nf6 23. b3) 23. b3 {[%emt 0:02:46] aiming for Nd6.} Kf8 24. Rd6 R5c6 25. Rad1 Ke7 26. R6d3 {[%emt 0:01:44] White is more active.} Rb8 27. Kf1 Rcc8 28. Ke2 Rd8 (28... Rc5 $142) 29. Rxd8 $1 $16 Rxd8 30. Rxd8 Kxd8 {[%emt 0:00:04][%mdl 4096] Endgame KN-KN} 31. Nd6 $1 Kc7 32. Nxf7 Nd7 33. Kd2 h6 (33... Nc5 $16 {keeps fighting.}) 34. Kc3 $18 Nc5 35. f3 {[%emt 0:00:16] Wards off Ne4+} b6 36. Ne5 ({Better is} 36. h4 $18) 36... Kd6 $16 37. Nd3 g5 (37... e5 $16 38. Nxc5 bxc5) 38. g3 e5 $2 {[%emt 0:02:32] [#]} (38... Nd7 39. b4 axb4+ 40. Kxb4 Kc6) 39. Nxc5 $1 $18 bxc5 {[%emt 0:00:07] KP-KP} 40. Kd3 {[%emt 0:00:19] White mates.} h5 41. Ke3 Ke7 42. Ke4 Ke6 {[%emt 0:00:10] [#]} 43. h4 $1 gxh4 44. gxh4 Kf6 45. Kd5 Kf5 46. Kxc5 Kf4 47. Kd5 {[%emt 0:00:08] Weighted Error Value: White=0.10 (very precise) /Black=0.35} 1-0

[Event "CZE-ch U16 Open 2023"]
[Site "Teplice"]
[Date "2023.03.11"]
[Round "1.7"]
[White "Prazak, Daniel"]
[Black "Fizer, Marek"]
[Result "0-1"]
[ECO "B51"]
[WhiteElo "2064"]
[BlackElo "1929"]
[Annotator "TA"]
[PlyCount "56"]
[EventDate "2023.03.09"]
[EventType "swiss"]
[EventCountry "CZE"]
[SourceTitle "playchess.com"]
[Source "ChessBase"]
[SourceQuality "1"]
[TimeControl "40/5400+30:1800+30"]

1. e4 c5 2. Nf3 d6 3. Bb5+ Nd7 4. a4 Ngf6 5. Nc3 a6 6. Be2 {[%emt 0:00:12] B51: Sicilian: Moscow Variation (3 Bb5+) without 3...Bd7.} g6 7. O-O Bg7 8. a5 {[%emt 0:00:54] White is slightly better.} O-O 9. d3 b5 10. axb6 Nxb6 11. Qd2 a5 12. Qf4 {[%emt 0:08:14] [#]} Bd7 $146 ({Predecessor:} 12... a4 13. Qh4 h5 14. Ra3 Re8 15. h3 Bd7 16. Ng5 Qc7 17. f4 c4 18. d4 Nh7 {1-0 So,W (2773)-Vokhidov,S (2552) Chess.com Rapid Wk19 Swiss 2022 (1)}) 13. Qh4 Nh5 {[%emt 0:03:33] [#]} (13... a4 $14) 14. g4 ({White should try} 14. Ng5 $1 $16) 14... Nf6 $1 $14 15. h3 Bc6 16. Bh6 Qc7 (16... e5 $11) 17. Ng5 (17. Nd2 $14) 17... Nbd7 $11 18. f4 Rfb8 19. Bxg7 Kxg7 20. b3 {[%emt 0:00:31] [#]} a4 $1 21. bxa4 Rb2 22. Rac1 Qa5 23. Nd1 Ra2 {[%emt 0:00:32] And now ...Qd2 would win.} 24. Ne3 Qd2 {[%emt 0:04:35] Prevents Rce1.} 25. Nc4 (25. Qf2 $14) 25... Qc3 {[%emt 0:02:10] Active counter play!} ({Resist} 25... Qxe2 26. Rfe1 Rxc2 27. Rxe2 Rxc1+ 28. Re1 Rxe1+ 29. Qxe1 $16) 26. e5 Qd4+ $2 {[%emt 0:01:04] [#]} (26... dxe5 $11 {and Black stays safe.} 27. fxe5 Nxe5 28. Rxf6 {[%mdl 64] Remove Defender} exf6 29. Qxh7+ (29. Nxh7 $2 {perishes.} Qd4+ 30. Qf2 Qd5 $19) 29... Kf8) 27. Kh2 $2 (27. Rf2 $1 $18 h6 28. exf6+ Qxf6 {[%mdl 64] Pin} 29. Nf3) 27... dxe5 28. fxe5 Nxe5 {[%mdl 32768] Weighted Error Value: White=0.27 (precise) /Black=0.24 (precise) . Loss on time!?} 0-1

[Event "CZE-ch U16 Open 2023"]
[Site "Teplice"]
[Date "2023.03.11"]
[Round "1.8"]
[White "Tillmann, Stanislav"]
[Black "Seidl, Jan"]
[Result "1/2-1/2"]
[ECO "B13"]
[WhiteElo "1907"]
[BlackElo "2025"]
[Annotator "TA"]
[PlyCount "73"]
[EventDate "2023.03.09"]
[EventType "swiss"]
[EventCountry "CZE"]
[SourceTitle "playchess.com"]
[Source "ChessBase"]
[SourceQuality "1"]
[TimeControl "40/5400+30:1800+30"]

1. e4 c6 2. d4 d5 3. exd5 cxd5 4. c4 Nf6 5. Nc3 Nc6 6. Nf3 Bg4 7. cxd5 Nxd5 8. Qb3 Bxf3 9. gxf3 e6 10. Qxb7 Nxd4 11. Bb5+ Nxb5 12. Qc6+ Ke7 13. Qc5+ {[%emt 0:00:59] B13: Caro-Kann: Exchange Variation and Panov-Botvinnik Attack.} Nd6 {[%emt 0:00:26] aiming for ...Nxc3.} 14. Nxd5+ exd5 15. O-O Qb6 16. Qxd5 Qb7 17. Qe5+ Kd7 18. Rd1 Re8 $1 (18... Qxf3 $2 19. Bf4 Qg4+ 20. Bg3 $18) 19. Qf5+ Re6 20. Qxf7+ Be7 {[%emt 0:00:12][%cal Oe6e1] ...Re1+! would be deadly.} 21. Bg5 {[%emt 0:01:42][%cal Od1d6] [#] Rxd6+! is the strong threat.} Qb6 $146 (21... Qxb2 $2 22. Rxd6+ Rxd6 23. Qxe7+ Kc8 24. Rc1+ $18) ({Predecessor:} 21... Re8 22. Rxd6+ Rxd6 23. Re1 Qd5 24. Rxe7+ Rxe7 25. Qxe7+ Kc6 26. Bf4 Rd7 27. Qa3 Kb7 {1-0 Durarbayli,V (2629)-Samunenkov,I (2319) Titled Tuesday intern op 30th Nov blitz 2021 (9)}) 22. Qxg7 {[%emt 0:04:53] Threatens to win with Bxe7.} Re8 {[%emt 0:00:25] Strongly threatening ...Rg6.} 23. Re1 Qa5 24. Rxe6 Kxe6 25. Bf4 Qd5 {[%emt 0:08:39] Repels Rd1} 26. Qxh7 Kd7 27. Re1 Nf5 28. Qh5 (28. Qg6 $2 Rg8 $19) 28... Rg8+ 29. Bg3 Rg5 30. Qh8 {[%emt 0:07:18] [#]} (30. Qh7 $1 $11 {and White is okay.}) 30... Nd4 $1 $36 {[%emt 0:04:28][%mdl 2048] Black has strong initiative.} (30... Qxa2 31. Qe5 (31. Qb8 Qa5 $11) 31... Qc4 32. h4 $16) 31. Qh3+ $2 (31. Kh1 $2 Qxf3+ 32. Kg1 Qd5 $19) (31. Kf1 Nxf3 32. Rc1 Nxh2+ 33. Qxh2) 31... Kd8 32. Kf1 Nxf3 (32... Rh5 $142 33. Qg4 Nxf3) 33. Rc1 Nd2+ (33... Qxa2 $2 34. Qc8#) 34. Kg1 {[%emt 0:00:06][%csl Gc1][%cal Rh3c8] [#]} Nf3+ (34... Qxa2 $2 35. Qc8#) (34... Bc5 $1 $19 {White must now prevent ...Nf3+.} 35. Qh8+ (35. Rc2 $2 Nf3+ 36. Kg2 Nh4+ {[%mdl 64] Discovered Attack (Double check)} 37. Kg1 Nf3+ 38. Kg2 Nd4+ 39. Kg1 Nf3+ $19) 35... Ke7 36. Qh7+ Kf6 37. Qh8+ Kf7 38. Qh7+ Ke6 39. Qh3+ Kf6 40. Qh8+ Kf7 41. Qh7+ Kf8 42. Qh8+ (42. b4 $2 Bxf2+ {[%mdl 64] Decoy} 43. Kxf2 Rf5+ $19) 42... Kf7) 35. Kf1 $1 $17 (35. Kh1 $2 Bc5 36. Qg2 (36. Qh8+ $2 Ke7 $19) 36... Ke7 $19) 35... Nd2+ (35... Qxa2 $2 36. Qc8#) (35... Nxh2+ $17 36. Qxh2 Rh5) 36. Kg1 $19 {[%emt 0:00:07][%csl Gh3][%cal Rc1c8] Really sharp!} Nf3+ (36... Qxa2 $2 37. Qc8#) ({Black should play} 36... Bc5 $19 {And now ...Nf3+ would win.} 37. Qh8+ (37. Rc2 $2 Nf3+ 38. Kg2 Nh4+ {[%mdl 64] Discovered Attack (Double check)} 39. Kg1 Qd1+ 40. Qf1 Qxc2 $19) 37... Ke7 38. Qh7+ Kd8 39. Qh8+ Ke7 40. Qh7+ Ke8 41. Qh8+ Ke7) 37. Kf1 $1 {[%emt 0:00:06] An exciting game.   Weighted Error Value: White=0.21 (precise) /Black=0.48} ({Don't blunder} 37. Kh1 $2 Bc5 38. Qg2 (38. Qh8+ $2 Ke7 $19) 38... Ke8 $19) 1/2-1/2